 Dungeon Crawl Stone Soup version 0.28-a0-983-g1de4e0787c (webtiles) character file.

Game seed: 13753556630668068486

14266 bearlyready the Destroyer (level 11, -6/64 HPs)
             Began as a Deep Elf Conjurer on Dec 2, 2021.
             Was a Priest of Sif Muna.
             Killed from afar by a tengu reaver (39 damage)
             ... with a bolt of lightning
             ... on level 10 of the Dungeon.
             The game lasted 00:37:36 (15209 turns).

bearlyready the Destroyer (Deep Elf Conjurer)      Turns: 15209, Time: 00:37:36

Health: -6/64      AC:  8    Str:  4    XL:     11   Next: 86%
Magic:  10/24      EV: 12    Int: 28    God:    Sif Muna [***...]
Gold:   343        SH: 10    Dex: 13    Spells: 6/24 levels left

rFire   . . .      SeeInvis .   b - +0 short sword (elec)
rCold   . . .      Faith    .   c - +0 buckler
rNeg    . . .      Spirit   .   u - +0 robe {Will+}
rPois   +          Reflect  +   Y - +1 helmet
rElec   .          Harm     .   S - +2 cloak {rPois}
rCorr   .          Rampage  .   E - +0 pair of gloves
Will    ++...                   (no boots)
Stlth   ++........              A - amulet of reflection
HPRegen 0.20/turn               t - ring of wizardry
MPRegen 0.19/turn               (no ring)

@: no status effects
A: no striking features
a: Renounce Religion, Channel Magic, Forget Spell


You were on level 10 of the Dungeon.
You worshipped Sif Muna.
Sif Muna was most pleased with you.
You visited 2 branches of the dungeon, and saw 11 of its levels.
You also visited: Sewer.

You collected 511 gold pieces.
You spent 168 gold pieces at shops.

Inventory:

Hand Weapons
 a - a +0 dagger of venom
 b - a +0 short sword of electrocution (weapon)
 e - a +2 short sword of draining
 h - a +0 hunting sling
Missiles
 f - 219 stones
 s - 33 poisoned darts
 I - a curare-tipped dart
 T - 30 sling bullets
 X - 3 atropa-tipped darts
Armour
 c - a +0 buckler (worn)
 u - a +0 robe of willpower (worn)
 E - a +0 pair of gloves (worn)
 L - a +0 tower shield
 S - a +2 cloak of poison resistance (worn)
 V - a +1 hat
 Y - a +1 helmet (worn)
 Z - a +0 troll leather armour
Jewellery
 t - a ring of wizardry (left hand)
 A - an amulet of reflection (around neck)
 C - an amulet of guardian spirit
Wands
 y - a wand of iceblast (2)
 F - a wand of flame (22)
 J - a wand of digging (7)
 N - a wand of polymorph (17)
 Q - a wand of charming (11)
Scrolls
 d - 3 scrolls of amnesia {unknown}
 g - a scroll of blinking
 j - 5 scrolls of teleportation
 k - 3 scrolls of silence
 l - 3 scrolls of immolation
 m - a scroll of fear
 B - a scroll of magic mapping {unknown}
 G - a scroll of enchant armour {unknown}
 H - a scroll of enchant weapon {unknown}
 M - a scroll of fog {unknown}
 P - 5 scrolls of identify
 U - a scroll of brand weapon {unknown}
 W - a scroll of acquirement {unknown}
Potions
 i - 5 potions of mutation
 n - 6 potions of might {unknown}
 p - a potion of cancellation {unknown}
 q - 6 potions of invisibility
 r - 3 potions of haste
 v - 3 potions of curing
 w - 2 potions of magic {unknown}
 x - a potion of experience {unknown}
 z - 3 potions of lignification {unknown}
 D - 2 potions of degeneration
 K - 2 potions of flight {unknown}
 O - 2 potions of heal wounds


   Skills:
 + Level 5.9 Fighting
 - Level 4.0 Short Blades
 - Level 2.4 Dodging
 - Level 2.4 Stealth
 - Level 5.0 Shields
 + Level 7.4 Spellcasting
 + Level 12.2 Conjurations
 - Level 9.0 Hexes
 - Level 8.5 Summonings
 - Level 4.0 Invocations
 - Level 3.0 Evocations


You had 6 spell levels left.
You knew the following spells:

 Your Spells              Type           Power      Damage    Failure   Level
a - Magic Dart            Conj           100%       1d8       1%          1
b - Searing Ray           Conj           100%       2d8       1%          2
c - Fulminant Prism       Conj/Hex       31%        3d16      1%          4
d - Call Canine Familiar  Summ           55%        N/A       1%          3
e - Summon Guardian Gole  Hex/Summ       56%        N/A       1%          3
f - Summon Mana Viper     Hex/Summ       56%        N/A       1%          5

Your spell library contained the following spells:

 Spells                   Type           Power      Damage    Failure   Level
 Summon Small Mammal      Summ           100%       N/A       1%          1
 Dazzling Flash           Conj/Hex       100%       N/A       1%          3
 Flame Wave               Conj/Fire      44%        2d8       1%          4
 Iskenderun's Mystic Bla  Conj/Tloc      44%        2d10      1%          4
 Blink                    Tloc           20%        N/A       3%          2
 Scorch                   Fire           20%        2d6       3%          2
 Leda's Liquefaction      Hex/Erth       17%        N/A       3%          4
 Lesser Beckoning         Tloc           10%        N/A       6%          3
 Summon Cactus Giant      Summ           27%        N/A       10%         6
 Summon Forest            Summ/Tloc      17%        N/A       11%         5
 Lee's Rapid Deconstruct  Erth           5%         3d7*      47%         5
 Manifold Assault         Tloc           10%        N/A       47%         5
 Statue Form              Tmut/Erth      6%         N/A       95%         6


Dungeon Overview and Level Annotations

Branches:
Dungeon (10/15)            Temple (1/1) D:5             Orc (0/2) D:9
  Sewer (visited)
   Lair: D:8-11

Altars:
Ashenzari
Cheibriados
Dithmenos
Elyvilon
Fedhas
Gozag
Hepliaklqana
Kikubaaqudgha
Makhleb
Nemelex Xobeh
Okawaru
Qazlal
Ru
Sif Muna
Trog
Uskayaw
Vehumet
Wu Jian
Xom
Yredelemnul
Zin
The Shining One
Jiyva

Shops:
D:4 !   D:6 *   D:9 (*

Annotations:
D:9 2 transporters


Message History

[the floor.]
Okay, then.
You feel sick.
Casting: Fulminant Prism (safe; 1% risk of failure)
Confirm with . or Enter, or press ? or * to list all spells.
Aiming: Fulminant Prism (safe; 1% risk of failure)
Press: ? - help, Dir - move target, p - tengu reaver You conjure a prism of explosive energy!
A fulminant prism comes into view.
You feel sick.
The tengu reaver hits your mana viper with a +0 war axe!!
The tengu reaver hits your fulminant prism with a +0 war axe!
The tengu reaver pecks your mana viper but does no damage.
The tengu reaver claws your mana viper!
The tengu reaver blocks your mana viper's attack.
You feel sick.
You hear a loud crackle.
You feel sick.
You hear an explosion!
The blast of energy engulfs the tengu reaver!!
The tengu reaver is moderately wounded.
You hear a shout!
You hear two shouts!
You hear a shout!
Okay, then.
Unknown command.
You feel sick.
You feel sick.
You feel sick.
You are no longer poisoned.
Casting: Fulminant Prism (safe; 1% risk of failure)
Confirm with . or Enter, or press ? or * to list all spells.
Aiming: Fulminant Prism (safe; 1% risk of failure)
Press: ? - help, Dir - move target You conjure a prism of explosive energy!
A fulminant prism comes into view.
The tengu reaver blocks your mana viper's attack.
The tengu reaver gestures at you while chanting.
The bolt of lightning hits your mana viper!!
The bolt of lightning hits you!!!
Ouch! That really hurt!
You die...

#####...# ###..#
.......## #...##
######.#♣ ♣ ♣♣ #.###
#.#.♣ .♣# .♣ #.#
#.#..♣♣.# .♣♣#.#
#.#♣..♣.#.♣♣♣♣#♣♣♣*♣#.#
######÷#
♣...#.....#♣Q.Q♣#O#
.......#
♣..#♣♣♣♣.#S###.#..
######.#♣♣♣♣.♣).@..♣.#
.#.## #.÷()).)..♣♣♣SQ.#
..o# #.#♣♣♣♣.♣.....♣*#
Q#.. #.# ♣.#♣♣♣♣.#.#
.#.. # #.# ♣.# ..#♣.
♣#... ######.# ♣.# ♣♣♣#
♣♣ ... .......# ..#
.......# ..# .......#
♣.#


You could see a tengu reaver (ally target), a friendly mana viper (summoned) and
a friendly fulminant prism.

Vanquished Creatures
  Gastronok (D:9)
  A yaktaur captain (D:10)
  A hydra (D:10)
  5 two-headed ogres
  A troll (D:10)
  A slime creature (D:10)
  Sigmund (D:3)
  4 wyverns
  17 yaks
  A shadow (D:10)
  2 wraiths
  3 water moccasins
  A black bear (D:6)
  3 ogres
  2 orc warriors
  An ice beast (D:6)
  A sky beast (D:5)
  A centaur (D:9)
  2 phantoms
  2 kobold brigands
  An elf zombie (D:8)
  A gnoll sergeant (D:7)
  5 scorpions
  A water moccasin zombie (D:7)
  2 elf skeletons (D:8)
  7 killer bees (D:10)
  10 wights
  2 vampire bats (D:9)
  9 howler monkeys
  2 bullfrog zombies (D:6)
  2 centaur zombies
  A human zombie (D:8)
  A jelly (D:5)
  A gnoll shaman (D:8)
  2 hounds
  A bullfrog skeleton (D:5)
  4 orc priests
  Crazy Yiuf (D:7)
  6 iguanas
  Ijyb (D:3)
  4 orc wizards
  A human simulacrum (D:10)
  A howler monkey zombie (D:10)
  6 gnolls
  3 river rats (Sewer)
  9 adders
  An ufetubus (D:5)
  An adder zombie (D:5)
  3 worms (D:3)
  6 dart slugs
  27 orcs
  2 bat skeletons (D:9)
  2 bat zombies (D:9)
  7 endoplasms
  15 giant cockroaches
  3 goblins
  4 hobgoblins
  2 jackals (D:1)
  25 kobolds
  3 quokkas
  13 ball pythons
  7 bats
  7 frilled lizards
  2 orc skeletons (D:8)
  25 rats
290 creatures vanquished.

Vanquished Creatures (collateral kills)
  An orc sorcerer (D:10)
  Blork the orc (D:6)
  A bullfrog (D:6)
  2 bat zombies (D:9)
5 creatures vanquished.

Vanquished Creatures (others)
  A human simulacrum (D:10)
  82 fulminant prisms
  8 plants (D:10)
  A withered plant (D:9)
92 creatures vanquished.

Grand Total: 387 creatures vanquished

Notes
Turn   | Place    | Note
-------+----------+-------------------------------------------
     0 | D:1      | bearlyready the Deep Elf Conjurer began the quest for the
                  | Orb.
     0 | D:1      | Reached XP level 1. HP: 10/10 MP: 6/6
   368 | D:1      | Reached XP level 2. HP: 15/15 MP: 5/8
   435 | D:1      | Reached skill level 5 in Conjurations
   626 | D:1      | Learned a level 2 spell: Searing Ray
  1136 | D:1      | Reached skill level 1 in Shields
  1136 | D:1      | Reached XP level 3. HP: 19/19 MP: 5/9
  2024 | D:2      | Reached XP level 4. HP: 24/24 MP: 10/10
  2578 | D:3      | Learned a level 4 spell: Fulminant Prism
  2742 | D:3      | Found a glowing drain.
  2823 | Sewer    | Entered a sewer
  3062 | Sewer    | Reached skill level 6 in Conjurations
  3062 | Sewer    | Reached skill level 1 in Hexes
  3062 | Sewer    | Reached XP level 5. HP: 18/28 MP: 3/11
  3681 | Sewer    | Reached XP level 6. HP: 11/32 MP: 1/12
  4209 | D:3      | Noticed Ijyb
  4223 | D:3      | Killed Ijyb
  4355 | D:3      | Noticed Sigmund
  4678 | D:4      | Learned a level 3 spell: Call Canine Familiar
  5094 | D:4      | Noticed a water moccasin
  5100 | D:4      | Killed a water moccasin
  5101 | D:4      | Reached skill level 1 in Summonings
  5201 | D:4      | Found Xuygallu's Distillery.
  5209 | D:4      | Bought a potion of degeneration for 12 gold pieces
  5430 | D:4      | Found a bloodstained altar of Trog.
  5431 | D:4      | Found a burning altar of Makhleb.
  5431 | D:4      | Found a blossoming altar of Fedhas.
  5442 | D:4      | Found a shadowy altar of Dithmenos.
  5453 | D:4      | Found a shimmering blue altar of Sif Muna.
  5460 | D:4      | Became a worshipper of Sif Muna the Loreminder
  5836 | D:5      | Entered Level 5 of the Dungeon
  5836 | D:5      | Found a staircase to the Ecumenical Temple.
  5885 | D:5      | Reached XP level 7. HP: 23/36 MP: 7/13
  6037 | D:5      | Reached skill level 7 in Conjurations
  6123 | D:5      | Found a glowing golden altar of the Shining One.
  6205 | D:5      | You fall into a shaft and drop 3 floors!
  6512 | D:8      | Reached skill level 5 in Hexes
  6672 | D:8      | Noticed a wyvern
  6696 | D:8      | Killed a wyvern
  6697 | D:8      | Reached XP level 8. HP: 30/41 MP: 3/17
  7184 | D:6      | Reached skill level 5 in Spellcasting
  7185 | D:6      | Noticed Blork the orc
  7301 | D:6      | Killed Blork the orc
  7302 | D:6      | Reached skill level 8 in Conjurations
  7428 | D:6      | Reached * piety under Sif Muna
  7587 | D:6      | Learned a level 3 spell: Summon Guardian Golem
  7705 | D:6      | Found a sparkling altar of Nemelex Xobeh.
  7720 | D:6      | Reached skill level 5 in Shields
  7890 | D:6      | Reached skill level 1 in Invocations
  7890 | D:6      | Reached XP level 9. HP: 45/45 MP: 5/20
  8080 | D:6      | Found Sytupt's General Store.
  8254 | D:6      | Bought a potion of heal wounds for 65 gold pieces
  8254 | D:6      | Bought a scroll of teleportation for 39 gold pieces
  8254 | D:6      | Bought a scroll of identify for 26 gold pieces
  8254 | D:6      | Bought a scroll of identify for 26 gold pieces
  8495 | Temple   | Entered the Ecumenical Temple
  8876 | D:3      | Killed Sigmund
  8877 | D:3      | Reached skill level 9 in Conjurations
 10049 | D:7      | Reached skill level 1 in Evocations
 10134 | D:7      | Found a runed translucent door.
 10135 | D:7      | Noticed Crazy Yiuf
 10285 | D:7      | Reached skill level 1 in Short Blades
 10701 | D:7      | Killed Crazy Yiuf
 11544 | D:9      | Found Fuyr's Demolitions Depot.
 11725 | D:9      | Noticed a two-headed ogre
 11798 | D:9      | Reached ** piety under Sif Muna
 11830 | D:9      | Noticed Gastronok
 11852 | D:9      | Reached XP level 10. HP: 8/51 MP: 4/21
 12110 | D:9      | Learned a level 5 spell: Summon Mana Viper
 12139 | D:9      | Found a staircase to the Orcish Mines.
 12197 | D:9      | Killed Gastronok
 12198 | D:9      | Reached skill level 1 in Fighting
 12198 | D:9      | Reached skill level 5 in Summonings
 12244 | D:9      | Reached skill level 10 in Conjurations
 12569 | D:9      | Found an ornate altar of the Wu Jian Council.
 12752 | D:9      | Found an ancient bone altar of Kikubaaqudgha.
 12816 | D:9      | Killed a two-headed ogre
 12899 | D:9      | Found a transporter.
 12902 | D:9      | Found a transporter.
 12902 | D:9      | Noticed a boulder beetle
 13037 | D:9      | Found a basalt altar of Yredelemnul.
 13038 | D:9      | Found Deyhoucagen's Weapon Shoppe.
 13206 | D:9      | Reached *** piety under Sif Muna
 13225 | D:9      | Found a snail-covered altar of Cheibriados.
 13311 | D:9      | Noticed a two-headed ogre
 13324 | D:9      | Killed a two-headed ogre
 13325 | D:9      | Reached skill level 11 in Conjurations
 13325 | D:9      | Reached XP level 11. HP: 33/61 MP: 8/22
 13625 | D:10     | Entered Level 10 of the Dungeon
 13760 | D:10     | Noticed a two-headed ogre
 13773 | D:10     | Killed a two-headed ogre
 13961 | D:10     | Noticed a six-headed hydra
 14035 | D:10     | Killed a six-headed hydra
 14164 | D:10     | Reached skill level 5 in Fighting
 14313 | D:10     | Noticed a two-headed ogre
 14496 | D:10     | Killed a two-headed ogre
 14569 | D:10     | Noticed a yaktaur captain
 14582 | D:10     | Killed a yaktaur captain
 14992 | D:10     | Noticed a two-headed ogre
 14998 | D:10     | Killed a two-headed ogre
 14999 | D:10     | Reached skill level 12 in Conjurations
 15030 | D:10     | Noticed an orc sorcerer
 15055 | D:10     | Killed an orc sorcerer
 15196 | D:10     | Noticed a tengu reaver
 15209 | D:10     | Killed from afar by a tengu reaver

Illustrated notes

Levels and vault maps discovered:
D:1:      noname_arrival_rooms_in_the_neighbourhood, layout_loops_corners
D:2:      layout_basic
D:3:      minmay_roachtagon, layout_basic, cheibrodos_sewer_entry_bend,
          uniq_sigmund, uniq_ijyb
D:4:      layout_layer_cave, minmay_overflow_temple_star_hex, serial_shops,
          shop_statue
D:5:      layout_basic, mainiacjoe_overflow_brackets,
          minmay_temple_entry_large_hall
D:6:      layout_cave_pools, nemelex_dance_club_becter, serial_shops, shop,
          uniq_blork_the_orc
D:7:      layout_rooms, uniq_crazy_yiuf_cottage
D:8:      layout_basic, serial_corexii_hall, chequers_hall_statues_wall_a,
          corexii_hall_statues_s, nicolae_ossuary_entry_catacombs
D:9:      gammafunk_boulding_lane, layout_basic, kennysheep_slug_shrine,
          yredelemnul_altar_generic, kennysheep_vampire_church,
          pdpol_wu_jian_five_deadly_venoms, serial_shops, shop, serial_curves,
          eino_curves_02, eino_curves_03, minmay_splitting_lines,
          nicolae_blasting_shop, kennysheep_generic_room_9, uniq_gastronok
D:10:     nzn_winding_woodlands_three_and_one
          [nzn_winding_woodlands_5x15_pockets,
          nzn_winding_woodlands_5x15_sidewinder,
          nzn_winding_woodlands_5x15_cabin,
          nzn_winding_woodlands_center_garden], layout_rooms, bh_circular_ruins
Temple:   pf_slime_end_temple

Skill      XL: |  1  2  3  4  5  6  7  8  9 10 11 |
---------------+----------------------------------+-----
Conjurations   | 5 6 7 8 9 11 12 | 12.2
Shields        | 1 2 3 4 5 |  5.0
Hexes          | 1 2 4 5 7 8 9 |  9.0
Summonings     | 1 2 4 7 8 |  8.5
Spellcasting   | 4 6 7 |  7.4
Invocations    | 1 4 |  4.0
Evocations     | 3 |  3.0
Short Blades   | 2 4 |  4.0
Fighting       | 4 5 |  5.9
Dodging        | |  2.4
Stealth        | |  2.4

Action                   |  1- 3 |  4- 6 |  7- 9 | 10-12 || total
-------------------------+-------+-------+-------+-------++-------
Melee: Dagger            |    34 |   187 |    53 |       ||   274
       Short sword       |       |       |    79 |    74 ||   153
 Cast: Magic Dart        |    56 |    24 |    46 |    16 ||   142
       Searing Ray       |     4 |    28 |    36 |    23 ||    91
       Fulminant Prism   |       |     2 |    40 |    41 ||    83
       Call Canine Famil |       |       |     7 |     1 ||     8
       Summon Mana Viper |       |       |       |     5 ||     5
Evoke: Wand              |       |       |     7 |     4 ||    11
  Use: Scroll            |       |     8 |     4 |     1 ||    13
       Potion            |       |     1 |     2 |       ||     3
 Stab: Sleeping          |       |     2 |     3 |       ||     5
       Distracted        |       |       |     2 |       ||     2
Armor: Robe              |    15 |    45 |    42 |    24 ||   126
Dodge: Dodged            |    24 |    99 |    81 |    54 ||   258
Block: Buckler           |     6 |    56 |    90 |    55 ||   207
       Reflection        |       |       |     4 |     1 ||     5

Table legend: (Time is in decaauts)
 A = Elapsed time spent in this place.
 B = Non-inter-level travel time spent in this place.
 C = Inter-level travel time spent in this place.
 D = Time resting spent in this place.
 E = Time spent auto-exploring this place.
 F = Levels seen in this place.
 G = Mean time per level.
                   A        B        C        D        E       F      G
               +--------+--------+--------+--------+--------+-----+--------+
         Total |  15270 |  14784 |    486 |   1312 |  10431 |  12 | 1272.5 |
       Dungeon |  13883 |  13411 |    472 |   1225 |   9495 |  10 | 1388.3 |
        Temple |    159 |    146 |     13 |      0 |    131 |   1 |  159.0 |
         Sewer |   1227 |   1227 |      0 |     87 |    805 |   1 | 1227.0 |
               +--------+--------+--------+--------+--------+-----+--------+

Top non-repeatable levels by time:
     D:9: 2333 daAuts
     D:8: 1849 daAuts
     D:4: 1473 daAuts
     D:6: 1468 daAuts
     D:1: 1340 daAuts
     D:3: 1265 daAuts
   Sewer: 1227 daAuts
    D:10: 1220 daAuts
     D:7: 1104 daAuts
     D:2: 1031 daAuts
     D:5: 795 daAuts
  Temple: 159 daAuts
